 Dungeon Crawl Stone Soup version 0.20.1-1-g8b1a95d (webtiles) character file.

7223 vishdafish the Infuser (level 10, -1/77 HPs)
             Began as a Demonspawn Skald on July 3, 2017.
             Was a Believer of Makhleb.
             Killed from afar by an electric eel (8 damage)
             ... with a bolt of electricity
             ... on level 10 of the Dungeon.
             The game lasted 00:31:50 (12404 turns).

vishdafish the Infuser (Demonspawn Skald)          Turns: 12404, Time: 00:31:50

Health: -1/77      AC: 10    Str: 12    XL:     10   Next: 88%
Magic:  28/28      EV: 15    Int: 17    God:    Makhleb [**....]
Gold:   511        SH:  0    Dex: 13    Spells: 14/21 levels left

rFire    + . .     SeeInvis .   K - +3 battleaxe
rCold    . . .     Gourm    .   (shield currently unavailable)
rNeg     . . .     Faith    .   b - +0 leather armour
rPois    +         Spirit   .   (helmet restricted)
rElec    .         Reflect  .   x - +2 cloak {rPois}
rCorr    .         Harm     .   (no gloves)
MR       +....                  (no boots)
Stlth    +.........             (no amulet)
Regen    0.3/turn               E - ring "Woumnoikh" {rF+ MR+}
MPRegen  0.3/turn               w - ring of magical power

@: no status effects
A: horns 2, yellow scales 2, demonic guardian 2, spiny 1
a: Minor Destruction, Renounce Religion


You were on level 10 of the Dungeon.
You worshipped Makhleb.
Makhleb was pleased with you.
You were not hungry.

You visited 1 branch of the dungeon, and saw 11 of its levels.
You also visited: Sewer.

You collected 511 gold pieces.

Inventory:

Hand Weapons
 a - a +0 hand axe
 K - a +3 battleaxe (weapon)
Armour
 b - a +0 leather armour (worn)
 x - a +2 cloak of poison resistance (worn)
Jewellery
 v - an uncursed ring of stealth
 w - a ring of magical power (right hand)
 B - an uncursed ring of resist corrosion
 E - the ring "Woumnoikh" (left hand) {rF+ MR+}
   (You found it on level 6 of the Dungeon)

   [ring of protection from magic]

   It protects you from fire.
   It affects your resistance to hostile enchantments.
Wands
 t - a wand of flame (0/48)
 M - a wand of lightning (8/15)
Scrolls
 o - a scroll of fear {unknown}
 r - a scroll of enchant armour {unknown}
 s - 10 scrolls of identify {unknown}
 u - 3 scrolls of remove curse
 y - a scroll of blinking {unknown}
 A - a scroll of immolation {unknown}
 C - a scroll of magic mapping {unknown}
 G - a scroll of fog {unknown}
 J - 2 scrolls of amnesia {unknown}
Potions
 d - 2 potions of resistance
 e - 5 potions of curing
 f - a potion of magic
 g - 3 potions of haste {unknown}
 j - a potion of lignification {unknown}
 k - 2 potions of degeneration {unknown}
 l - 2 potions of heal wounds {unknown}
 m - 4 potions of flight
 n - a potion of might {unknown}
 p - a potion of cancellation {unknown}
 q - a potion of mutation {unknown}
 z - 3 potions of berserk rage {unknown}
Books
 c - a book of Battle

   Spells                             Type                      Level
   a - Infusion                       Charms                       1
   b - Shroud of Golubria             Charms/Translocation         2
   c - Song of Slaying                Charms                       2
   d - Spectral Weapon                Hexes/Charms                 3
   e - Regeneration                   Charms/Necromancy            3
 F - a book of Air

   Spells                             Type                      Level
   a - Shock                          Conjuration/Air              1
   b - Swiftness                      Charms/Air                   2
   c - Static Discharge               Conjuration/Air              3
   d - Airstrike                      Air                          4
   e - Lightning Bolt                 Conjuration/Air              5
 I - the Compendium of Toxins and Air
   (You found it on level 8 of the Dungeon)

   Spells                             Type                      Level
   a - Mephitic Cloud                 Conjuration/Poison/Air       3
   b - Lightning Bolt                 Conjuration/Air              5
   c - Silence                        Hexes/Air                    5
 L - a book of Necromancy

   Spells                             Type                      Level
   a - Pain                           Necromancy                   1
   b - Animate Skeleton               Necromancy                   1
   c - Vampiric Draining              Necromancy                   3
   d - Regeneration                   Charms/Necromancy            3
   e - Animate Dead                   Necromancy                   4
   f - Control Undead                 Necromancy                   4
Comestibles
 h - 5 bread rations
 i - 20 royal jellies
 D - 2 fruits


   Skills:
 + Level 6.5 Fighting
 + Level 6.2 Axes
 + Level 5.7 Armour
 + Level 6.4 Dodging
 + Level 6.0 Spellcasting
 * Level 8.6 Charms
 * Level 0.0 Invocations


You had 14 spell levels left.
You knew the following spells:

 Your Spells              Type           Power        Failure   Level  Hunger
a - Infusion              Chrm           ####         1%          1    None
b - Spectral Weapon       Hex/Chrm       ###.....     9%          3    ##.....
c - Regeneration          Chrm/Necr      ###.......   9%          3    ##.....


Dungeon Overview and Level Annotations

Branches:
Dungeon (11/15)            Temple (0/1) D:7            Lair (0/6) D:10
    Orc (0/2) D:9

Altars:
Elyvilon
Fedhas
Makhleb
Okawaru
Trog
Zin
The Shining One

Shops:
D:5 =   D:7 =


Innate Abilities, Weirdness & Mutations

You have a pair of horns on your head.
You are mostly covered in yellow scales. (AC +3)
A demonic guardian rushes to your aid.
You are partially covered in sharp spines.


Message History

Something hits you but does no damage. Something bites you!
* * * LOW HITPOINT WARNING * * *
Something draws strength from your injuries!
As you read the scroll of teleportation, it crumbles to dust.
You feel strangely unstable. Something barely misses you. Something bites you!
* * * LOW HITPOINT WARNING * * *
Something draws strength from your injuries!
You see here a ring mail.
Your surroundings suddenly seem different.
Found 10 gold pieces.
Found a scroll of teleportation.
A skeletal warrior comes into view. It is wielding a trident.
The electric eel shoots out a bolt of lightning at your ice devil!
The bolt of electricity hits your ice devil.
Your ice devil appears unharmed.
Found a leather armour.
You swap places.
The electric eel shoots out a bolt of lightning at you!
The bolt of electricity hits you!
You die...

#...≈≈≈≈≈≈......≈≈≈≈
#....≈≈≈≈.≈.≈≈≈.≈≈≈≈≈≈.
##...≈≈≈≈≈≈≈≈≈≈≈≈≈≈;≈.
#..≈≈≈≈≈≈≈≈≈≈≈≈≈.≈.≈
#..≈..≈≈≈≈≈≈≈≈≈≈.[≈
#....≈.≈≈≈≈ ≈..?.
#.....≈≈≈≈≈ ...
########### ##.## #.@.#
#$4.# #...# ##.## #.#
#.# #z# #.....z.#
#.#####.#


You could see a skeletal warrior, an electric eel and a friendly ice devil.

Vanquished Creatures
  A manticore (D:10)
  A hippogriff (D:9)
  2 yaks (D:9)
  A wyvern (D:8)
  A hungry ghost (D:9)
  Purgy (D:3)
  2 ice beasts
  2 orc warriors
  2 sky beasts
  3 phantoms
  2 ogres
  A wolf (D:10)
  A centaur (D:7)
  A big kobold (Sewer)
  5 bullfrogs
  A wyvern zombie (D:7)
  6 scorpions
  12 killer bees
  The ghost of vishdafish the Digger, a weakling DDEE (D:5)
  7 wights (D:9)
  3 howler monkeys
  An electric eel (D:10)
  2 crimson imps
  2 bullfrog zombies
  4 jellies (D:8)
  8 hounds
  A quasit (D:9)
  An orc priest (D:9)
  2 gnoll shamans
  Crazy Yiuf (D:3)
  Jessica (D:2)
  2 worker ants
  An iguana (D:4)
  A killer bee zombie (D:8)
  A hound zombie (D:9)
  A hound skeleton (D:4)
  Robin (D:3)
  9 gnolls
  2 river rats (Sewer)
  14 adders
  A shadow imp (D:6)
  5 oozes (D:8)
  2 adder skeletons
  5 worms
  4 dart slugs
  3 leopard geckos
  23 orcs
  5 giant cockroaches
  15 goblins
  14 hobgoblins
  8 jackals
  10 kobolds
  4 quokkas
  3 ball pythons
  3 bats
  2 frilled lizards (D:3)
  2 quokka skeletons
  11 rats
231 creatures vanquished.

Vanquished Creatures (collateral kills)
  A two-headed ogre (D:9)
  2 trolls
  Sigmund (D:3)
  10 yaks
  Edmund (D:6)
  A water moccasin (D:9)
  A black bear (D:4)
  A sky beast (D:6)
  2 ogres
  A wolf (D:10)
  A centaur (D:10)
  A bullfrog (D:9)
  A scorpion (D:5)
  2 wights (D:9)
  A howler monkey (D:9)
  An orc wizard (D:5)
  2 gnolls
  2 adders
32 creatures vanquished.

Vanquished Creatures (others)
  A spectral weapon (D:10)
1 creature vanquished.

Grand Total: 264 creatures vanquished

Notes
Turn   | Place    | Note
-------+----------+-------------------------------------------
     0 | D:1      | vishdafish the Demonspawn Skald began the quest for the Orb.
     0 | D:1      | Reached XP level 1. HP: 16/16 MP: 3/3
   340 | D:1      | Gained mutation: You have a pair of small horns on your head. [demonic ancestry]
   340 | D:1      | Reached XP level 2. HP: 22/22 MP: 3/5
   975 | D:2      | Noticed Jessica
   988 | D:2      | HP: 1/22 [Jessica (1)]
   992 | D:2      | Killed Jessica
   992 | D:2      | Reached skill level 1 in Armour
   992 | D:2      | Reached skill level 3 in Charms
   992 | D:2      | Gained mutation: A weak demonic guardian rushes to your aid. [demonic ancestry]
   992 | D:2      | Reached XP level 3. HP: 1/27 MP: 6/6
  1290 | D:2      | Found a white marble altar of Elyvilon.
  1356 | D:2      | Found a bloodstained altar of Trog.
  1430 | D:2      | Gained mutation: You are partially covered in sharp spines. [demonic ancestry]
  1430 | D:2      | Reached XP level 4. HP: 30/33 MP: 7/7
  2208 | D:3      | Noticed Purgy
  2307 | D:3      | Noticed Sigmund
  2315 | D:3      | Killed Sigmund
  2315 | D:3      | Reached XP level 5. HP: 13/40 MP: 7/9
  2761 | D:3      | Killed Purgy
  2761 | D:3      | Reached skill level 4 in Charms
  2761 | D:3      | Reached XP level 6. HP: 30/47 MP: 10/10
  2975 | D:3      | Noticed Robin
  2990 | D:3      | Killed Robin
  3284 | D:3      | Found a runed door.
  3288 | D:3      | Noticed Crazy Yiuf
  3300 | D:3      | Killed Crazy Yiuf
  4007 | D:4      | Gained mutation: You are partially covered in yellow scales. (AC +2) [demonic ancestry]
  4007 | D:4      | Reached XP level 7. HP: 45/52 MP: 11/11
  4917 | D:5      | Entered Level 5 of the Dungeon
  5014 | D:5      | Noticed vishdafish's ghost (weakling DDEE)
  5031 | D:5      | Killed vishdafish's ghost
  5487 | D:5      | Found Urhax's Jewellery Shop.
  5497 | D:5      | Reached skill level 5 in Charms
  5497 | D:5      | Gained mutation: You have a pair of horns on your head. [demonic ancestry]
  5497 | D:5      | Reached XP level 8. HP: 49/60 MP: 13/13
  6008 | D:6      | Noticed Edmund
  6018 | D:6      | Killed Edmund
  6078 | D:6      | Found a glowing drain.
  6082 | Sewer    | Entered a sewer
  6288 | Sewer    | Found a white marble altar of Elyvilon.
  6344 | Sewer    | Learned a level 3 spell: Spectral Weapon
  6348 | Sewer    | Learned a level 3 spell: Regeneration
  6392 | D:6      | Found a glowing golden altar of the Shining One.
  6658 | D:6      | Got a brightly glowing glass ring
  6663 | D:6      | Found a burning altar of Makhleb.
  6950 | D:6      | Became a worshipper of Makhleb the Destroyer
  7003 | D:7      | Found Tubbagutoh's Jewellery Boutique.
  7025 | D:7      | Reached skill level 6 in Charms
  7173 | D:7      | Identified the ring "Woumnoikh" {rF+ MR+} (You found it on level 6 of the Dungeon)
  7251 | D:7      | Gained mutation: A demonic guardian rushes to your aid. [demonic ancestry]
  7251 | D:7      | Reached XP level 9. HP: 32/66 MP: 15/15
  7631 | D:7      | Found a staircase to the Ecumenical Temple.
  8221 | D:8      | Reached skill level 5 in Fighting
  8366 | D:8      | Identified the Compendium of Toxins and Air
  8510 | D:8      | Reached skill level 5 in Axes
  8515 | D:8      | Found an iron altar of Okawaru.
  8546 | D:8      | Reached skill level 5 in Dodging
  8571 | D:8      | Found a glowing silver altar of Zin.
  8660 | D:8      | Reached skill level 5 in Spellcasting
  8721 | D:8      | Reached skill level 7 in Charms
  8722 | D:8      | Reached * piety under Makhleb
  9417 | D:9      | Gained mutation: You are mostly covered in yellow scales. (AC +3) [demonic ancestry]
  9417 | D:9      | Reached XP level 10. HP: 53/76 MP: 18/18
  9926 | D:9      | Noticed a two-headed ogre
  9927 | D:9      | Found a staircase to the Orcish Mines.
  9935 | D:9      | Killed a two-headed ogre
  9935 | D:9      | Reached skill level 5 in Armour
  9955 | D:9      | HP: 3/76 [troll (12)]
 10697 | D:9      | Reached skill level 8 in Charms
 10737 | D:9      | Reached ** piety under Makhleb
 10872 | D:9      | Found a blossoming altar of Fedhas.
 10872 | D:9      | Found a burning altar of Makhleb.
 11033 | D:10     | Entered Level 10 of the Dungeon
 11235 | D:10     | Found a staircase to the Lair.
 11592 | D:10     | Noticed a manticore
 11607 | D:10     | Killed a manticore
 11740 | D:9      | Reached *** piety under Makhleb
 11973 | D:11     | Noticed a cyclops
 12398 | D:10     | Noticed a skeletal warrior
 12404 | D:10     | Killed from afar by an electric eel

Skill      XL: |  1  2  3  4  5  6  7  8  9 10 |
---------------+-------------------------------+-----
Axes           | 2 3 4 5 6 |  6.2
Armour         | 1 2 3 4 5 |  5.7
Dodging        | 2 3 4 5 6 |  6.4
Charms         | 3 4 5 6 7 8 |  8.6
Fighting       | 3 4 5 6 |  6.5
Spellcasting   | 3 4 5 6 |  6.0

Action                   |  1- 3 |  4- 6 |  7- 9 | 10-12 || total
-------------------------+-------+-------+-------+-------++-------
Melee: Hand axe          |    70 |   123 |   358 |    63 ||   614
       Headbutt          |     7 |    25 |    56 |    22 ||   110
       Battleaxe         |       |       |       |    94 ||    94
 Cast: Infusion          |     2 |     2 |     2 |       ||     6
       Spectral Weapon   |       |       |     1 |     1 ||     2
Evoke: Wand              |       |     4 |     1 |     4 ||     9
  Use: Scroll            |     1 |       |     1 |     2 ||     4
       Potion            |       |     1 |     1 |     4 ||     6
 Stab: Sleeping          |       |     4 |     3 |       ||     7
       Distracted        |       |       |     2 |       ||     2
  Eat: Bread ration      |     1 |       |     1 |       ||     2
       Chunk             |       |     1 |     4 |     7 ||    12
       Meat ration       |       |     1 |     1 |       ||     2
       Royal jelly       |       |       |     2 |       ||     2
       Fruit             |       |       |       |     7 ||     7
Armor: Leather armour    |    20 |    27 |   100 |    62 ||   209
       Skin              |       |       |       |    11 ||    11
Dodge: Dodged            |    41 |    66 |   247 |   147 ||   501
